Map: Terraform LE (Void)

Players

Brouhaha

  • Race: Terran Terran
  • League: Grandmaster

AcerBly (Bly) - Winner!

  • Race: Zerg Zerg
  • League: Master

Event: Gauntlet LotV Open #1

VOD

Have the link to the VOD?

Description

Time

  • Played on: Sept. 5, 2015, 3:24 p.m.
  • Length: 4:43

All games in this series

Show
View Real Time Build Order
Export as new Build Order

Brouhaha Terran 

Build Orders:  

Get SALT Encoding   

  12  0:01  SCV  
  13  0:13  SCV  
  14  0:25  SCV  
  15  0:28  Supply Depot  
  15  0:43  Refinery  
  15  0:50  SCV  
  15  0:51  Barracks  
  16  1:02  SCV  
  17  1:14  SCV  
  18  1:19  Supply Depot  
  18  1:26  SCV  
  18  1:27  Refinery  
  19  1:38  Barracks Reactor, SCV  
  20  1:50  SCV  
  21  2:00  Factory  
  21  2:04  SCV  
  22  2:14  Reaper, Marine  
  24  2:16  SCV  
  25  2:28  SCV  
  26  2:30  Command Center  
  26  2:40  SCV  
  27  2:46  Factory Tech Lab, Starport  
  27  2:52  SCV  
  27  2:55  Marine x2  
  30  3:07  Supply Depot, SCV  
  31  3:28  Marine x2, Orbital Command  
  32  3:36  Banshee  
  35  3:56  Factory Reactor  
  35  3:57  Marine x2  
  35  3:59  Orbital Command  
  35  4:02  Bunker  
  37  4:10  SCV  
  37  4:15  Marine x2  
Show
View Real Time Build Order
Export as new Build Order

AcerBly Zerg - Winner!

Build Orders: 2 Base Ravager, Hatch First, Ravager All-In 

Get SALT Encoding   

  12  0:01  Drone  
  13  0:12  Overlord  
  13  0:17  Drone  
  14  0:28  Extractor  
  14  0:29  Drone  
  14  0:32  Drone  
  16  0:41  Drone  
  17  0:57  Hatchery  
  17  1:00  Drone x2  
  18  1:08  Extractor  
  17  1:16  Spawning Pool  
  17  1:17  Drone  
  17  1:22  Drone  
  18  1:28  Drone  
  19  1:39  Overlord  
  19  2:03  Zergling x4  
  19  2:04  Queen  
  23  2:09  Zergling x2  
  23  2:14  Roach Warren  
  23  2:16  Queen  
  23  2:18  Drone  
  26  2:24  Drone  
  26  2:25  Overlord  
  27  2:56  Roach x3  
  27  2:57  Roach x3  
  39  3:01  Extractor  
  38  3:08  Drone  
  39  3:30  Drone x2  
  39  3:32  Drone x3  
  44  3:39  Overlord  
  44  3:40  Overlord  
  44  3:55  Overlord  
  44  3:59  Ravager x4  
  48  4:03  Drone x5  
  53  4:10  Ravager  
Tags
 
Add a new tag
Caveats
  • Supply blocks, unpowered buildings, or Contaminate may cause inaccurate times.
  • Supply counts are checked every 10 seconds.